 Dungeon Crawl Stone Soup version 0.32-a0-22-g6ae6769602 (webtiles) character file.

Game seed: 9593113087975338456

575 Sobieck the Apothecary (level 7, -8/40 HPs)
             Began as a Gargoyle Alchemist on Jan 18, 2024.
             Was a Believer of Vehumet.
             Mangled by an ogre
             ... wielding a +0 giant club
              (26 damage)
             ... on level 4 of the Dungeon.
             The game lasted 00:17:46 (4286 turns).

Sobieck the Apothecary (Gargoyle Alchemist)         Turns: 4286, Time: 00:17:46

Health: -8/40      AC: 11    Str: 11    XL:     7   Next: 35%
Magic:  9/11       EV: 17    Int: 16    God:    Vehumet [**....]
Gold:   275        SH:  0    Dex: 11    Spells: 8/12 levels left

rFire   . . .        (no weapon)
rCold   . . .        (no shield)
rNeg    + + .        t - +2 robe {Will+}
rPois   ∞            (no helmet)
rElec   +            m - +2 ratskin cloak {*Rats rPois rN+ Str-1 Int-1 Dex+1}
rCorr   .            (no gloves)
SInv    +            (no boots)
Will    +....        (no amulet)
Stlth   ++           d - +5 ring of evasion
HPRegen 0.26/turn    s - ring of see invisible
MPRegen 0.12/turn

%: no passive effects
@: no status effects
A: sickness immunity, AC +4, negative energy resistance 1, electricity
resistance, torment resistance 1, petrification resistance
a: Renounce Religion


You were on level 4 of the Dungeon.
You worshipped Vehumet.
Vehumet was pleased with you.
You visited 1 branch of the dungeon, and saw 5 of its levels.

You collected 275 gold pieces.

Inventory:

Missiles
 Z - a throwing net
Armour
 a - a +0 robe
 m - the +2 ratskin cloak (worn) {*Rats rPois rN+ Str-1 Int-1 Dex+1}
   (You found it on level 3 of the Dungeon)

   *Rats:     When the wearer is hurt, rats may emerge from it to assist them.
   Str-1:     It affects your strength (-1).
   Int-1:     It affects your intelligence (-1).
   Dex+1:     It affects your dexterity (+1).
   rPois:     It protects you from poison rN+: It protects you from negative
   energy.
 t - a +2 robe of willpower (worn)
Jewellery
 b - the ring of the Rhinotaur {rN+ Dex+2}
   (You found it on level 4 of the Dungeon)

   [ring of positive energy]

   Dex+2:     It affects your dexterity (+2).
   rN+:       It protects you from negative energy.
 d - a +5 ring of evasion (left hand)
 n - a ring of positive energy
 s - a ring of see invisible (right hand)
Scrolls
 f - a scroll of enchant armour {unknown}
 g - a scroll of brand weapon {unknown}
 h - a scroll of immolation {unknown}
 i - 2 scrolls of poison
 o - a scroll of teleportation {unknown}
 r - a scroll of identify {unknown}
Potions
 c - a potion of haste {unknown}
 e - a potion of lignification {unknown}
 j - 3 potions of heal wounds {unknown}
 k - a potion of curing {unknown}
 p - a potion of enlightenment {unknown}
 q - a potion of cancellation {unknown}


   Skills:
 + Level 2.8 Fighting
 + Level 2.9 Dodging
 - Level 2.1 Stealth
 + Level 3.3 Spellcasting
 + Level 3.1 Conjurations
 + Level 2.6 Fire Magic
 + Level 2.0 Air Magic
 + Level 3.3 Alchemy


You had 8 spell levels left.
You knew the following spells:

 Your Spells              Type           Power      Damage    Failure   Level
a - Sting                 Conj/Alch      48%        1d6       4%          1
b - Mercury Vapours       Alch/Air       22%        N/A       10%         2
c - Foxfire               Conj/Fire      44%        2x1d6     5%          1

Your spell library contained the following spells:

 Spells                   Type           Power      Damage    Failure   Level
 Mephitic Cloud           Conj/Alch/Air  11%        N/A       17%         3
 Olgreb's Toxic Radiance  Alch           13%        N/A       43%         4
 Sticky Flame             Fire/Alch      12%        2d5       47%         4


Dungeon Overview and Level Annotations

Branches:
Dungeon (5/15)             Temple (0/1) D:5

Altars:
Vehumet

Annotations:
D:4 Pikel


Innate Abilities, Weirdness & Mutations

You are immune to sickness and miasma.
Your stone body is resilient. (AC +4)
You are immune to poison.
You resist negative energy. (rN+)
You are resistant to electric shocks. (rElec)
You are resistant to unholy torment.
You are immune to petrification.


Message History

Unknown command.
You climb downwards.
The lemure shouts!
The ogre shouts!
The ufetubus shouts!
The lemure hits you.
There is a stone staircase leading up here.
Danger!
Unknown command.
The ufetubus slips past you! The ufetubus closely misses you.
The ufetubus barely misses you. The ogre misses you. The lemure hits you.
Pikel closely misses you. The ufetubus misses you.
The ufetubus completely misses you.
You climb upwards.
There is a stone staircase leading down here.
Unknown command.
Unknown command.
Unknown command.
Unknown command.
Okay, then.
Unknown command.
Casting: Sting (safe; 4% risk of failure)
Confirm with . or Enter, or press ? or * to list all spells.
Aiming: Mercury Vapours (safe; 10% risk of failure)
Press: ? - help, Dir - move target, f - Pikel
Aim: Pikel, wielding a +0 whip of flaming and wearing a +2 robe of positive energy (chance to weaken: 56%) Fumes of mercury billow around Pikel!
Pikel is poisoned.
Pikel looks weaker.
Pikel hits you but does no damage. The lemure completely misses you.
The ufetubus misses you. The ufetubus closely misses you.
The ogre hits you with a +0 giant club!!
A river rat scurries out from under your cloak.
Casting: Mercury Vapours (safe; 10% risk of failure)
Confirm with . or Enter, or press ? or * to list all spells.
Aiming: Mercury Vapours (safe; 10% risk of failure)
Press: ? - help, Dir - move target, f - ogre, p - Pikel
Aim: an ogre, wielding a +0 giant club (chance to weaken: 69%)
Okay, then.
Unknown command.
Unknown command.
The air fills with toxic fumes!
As you read the scroll labelled AFOAWK TODO, it crumbles to dust.
It was a scroll of poison.
The ufetubus barely misses you. The ufetubus closely misses you.
The lemure barely misses you.
Pikel hits you with a +0 whip of flaming.
Pikel burns you.
The ufetubus hits you but does no damage.
The ufetubus closely misses you.
Your river rat bites the ogre!
As you read the scroll labelled TOOGIO LOFUEPN, it dissolves into smoke.
It was a scroll of fog.
Pikel barely misses you.
The ogre hits you with a +0 giant club!!
Ouch! That really hurt!
You die...

...# #..........##.........#...
########..........##.§§..........
# #.##...##[######§§.......#... #
#.#...##.># ###§.###.....>.. #
##...#.##.## ##§§..##..#...... #
#......#..# #§§.###..##..#...
####.....##.## #§#§##...........
#...........## ##K§§##..###....#.
[.......#....###@5§#...###..#...#
.##.....##.#§§rO5#§#...##..##....
###.....#..#§§####.#......##.....
###.......#§§..........####...#..
##..##.#.#§§#.#.............###..
#..###.#.#§.........#......<##...
#.####...§..#.##.#.....######....
..........#......#.#..## #.....
...#####......####.....## #.....


You could see Pikel (very poisoned, weak, ally target), an ogre, a lemure, an
ufetubus and a friendly river rat.

Vanquished Creatures
  Duvessa (D:4)
  A black bear (D:4)
  Dowan (D:4)
  3 bombardier beetles
  A howler monkey (D:4)
  A hound (D:4)
  An orc priest (D:5)
  An orc wizard (D:4)
  A gnoll (D:1)
  3 adders
  2 dart slugs
  2 ribbon worms
  2 orcs
  7 ball pythons
  6 endoplasms
  4 giant cockroaches
  3 goblins
  3 hobgoblins
  7 jackals
  4 kobolds
  4 quokkas
  9 bats
  4 frilled lizards
  4 rats
75 creatures vanquished.

Vanquished Creatures (others)
  115 foxfires
115 creatures vanquished.

Grand Total: 190 creatures vanquished

Notes
Turn   | Place    | Note
-------+----------+-------------------------------------------
     0 | D:1      | Sobieck the Gargoyle Alchemist began the quest for the Orb.
     0 | D:1      | Reached XP level 1. HP: 10/10 MP: 3/3
     0 | D:1      | MrDizzy: hi
   217 | D:1      | Reached XP level 2. HP: 16/16 MP: 0/5
   310 | D:1      | Sobieck: Hello
   447 | D:1      | Reached XP level 3. HP: 20/20 MP: 4/6
   515 | D:1      | Reached skill level 1 in Fighting
  1355 | D:2      | Reached skill level 1 in Fire Magic
  1710 | D:2      | Learned a level 2 spell: Mercury Vapours
  1738 | D:2      | Reached XP level 4. HP: 22/25 MP: 5/7
  2009 | D:2      | Found a faded altar of an unknown god.
  2013 | D:2      | Prayed at the altar of an unknown god.
  2013 | D:2      | Became a worshipper of Vehumet
  2013 | D:2      | Reached * piety under Vehumet
  2013 | D:2      | Offered knowledge of Foxfire by Vehumet.
  2016 | D:2      | Learned a level 1 spell: Foxfire
  2045 | D:2      | Reached skill level 1 in Air Magic
  2127 | D:3      | Found the +2 ratskin cloak {*Rats rPois rN+ Str-1 Int-1
                  | Dex+1}
  2280 | D:3      | Reached XP level 5. HP: 22/29 MP: 6/8
  3039 | D:4      | Noticed a black bear
  3066 | D:4      | Killed a black bear
  3067 | D:4      | Reached skill level 3 in Alchemy
  3067 | D:4      | Reached XP level 6. HP: 8/35 MP: 7/10
  3074 | D:4      | Noticed Duvessa
  3074 | D:4      | Noticed Dowan
  3403 | D:4      | Found a radiant altar of Vehumet.
  3538 | D:4      | Identified the ring of the Rhinotaur {rN+ Dex+2}
  3676 | D:4      | Killed Duvessa
  3677 | D:4      | Reached skill level 3 in Spellcasting
  3759 | D:4      | Killed Dowan
  3934 | D:5      | Entered Level 5 of the Dungeon
  3941 | D:5      | Reached XP level 7. HP: 40/40 MP: 6/11
  3988 | D:4      | Reached skill level 3 in Conjurations
  4196 | D:5      | Found a staircase to the Ecumenical Temple.
  4216 | D:4      | Reached ** piety under Vehumet
  4281 | D:5      | Noticed Pikel
  4286 | D:4      | Mangled by an ogre

Illustrated notes

Levels and vault maps discovered:
D:1:      amcnicky_arrival_underground_garden, layout_basic, serial_glass,
          glass_columns_a, glass_columns_b,
          wander_ebering_terrifying_dragon_lair
D:2:      layout_rooms, chequers_ecumenical_altar_grove
D:3:      layout_basic, dreamdust_mushroom_princess, minmay_pentomino_pile
D:4:      layout_rooms, nicolae_overflow_crystal_walls, uniq_duvessa
D:5:      layout_cave_pools, grunt_temple_overflow_open,
          minmay_temple_entry_drinking_statues, serial_column_ruins,
          column_ruins_circle_large, column_ruins_columns_straight,
          column_ruins_columns_dead_end, column_ruins_grid_1,
          column_ruins_columns_corner, column_ruins_corridor_straight,
          column_ruins_grid_1, kennysheep_opposing_triangles, uniq_menkaure,
          uniq_pikel

Skill      XL: |  1  2  3  4  5  6  7 |
---------------+----------------------+-----
Fighting       | 1 2 |  2.8
Fire Magic     | 1 2 |  2.6
Dodging        | 2 |  2.9
Conjurations   | 2 3 |  3.1
Air Magic      | 1 2 |  2.0
Alchemy        | 3 |  3.3
Spellcasting   | 3 |  3.3
Stealth        | |  2.1

Action                     |  1- 3 |  4- 6 |  7- 9 || total
---------------------------+-------+-------+-------++-------
  Melee: Unarmed           |    12 |     2 |       ||    14
   Cast: Sting             |    67 |    32 |    14 ||   113
         Foxfire           |       |    48 |    20 ||    68
         Mercury Vapours   |       |    10 |     2 ||    12
    Use: Potion            |       |     1 |       ||     1
         Scroll            |       |       |     2 ||     2
 Armour: Robe              |    26 |    33 |    26 ||    85
  Dodge: Dodged            |    90 |    60 |    46 ||   196

Table legend: (Time is in decaauts)
 A = Elapsed time spent in this place.
 B = Non-inter-level travel time spent in this place.
 C = Inter-level travel time spent in this place.
 D = Time resting spent in this place.
 E = Time spent auto-exploring this place.
 F = Levels seen in this place.
 G = Mean time per level.
                   A        B        C        D        E       F      G
               +--------+--------+--------+--------+--------+-----+--------+
         Total |   4296 |   4042 |    254 |    621 |   2598 |   5 |  859.2 |
       Dungeon |   4296 |   4042 |    254 |    621 |   2598 |   5 |  859.2 |
               +--------+--------+--------+--------+--------+-----+--------+

Top non-repeatable levels by time:
     D:1: 1307 daAuts
     D:3: 1194 daAuts
     D:4: 934 daAuts
     D:2: 786 daAuts
     D:5: 73 daAuts
